 Dungeon Crawl Stone Soup version 0.31.0 (webtiles) character file.

Game seed: 7716725913972347915

196 qw the Shooter (level 5, -2/32 HPs)
             Began as a Gargoyle Hunter on Jan 19, 2024.
             Incinerated by a bombardier beetle (4 damage)
             ... with a burning spray
             ... on level 4 of the Dungeon.
             The game lasted 00:00:07 (2039 turns).

qw the Shooter (Gargoyle Hunter)                    Turns: 2039, Time: 00:00:08

Health: -2/32      AC:  9    Str: 15    XL:     5   Next: 75%
Magic:  5/5        EV: 11    Int:  9    God:
Gold:   781        SH:  0    Dex: 15    Spells: 4/4 levels left

rFire   . . .        a - +0 shortbow (drain)
rCold   . . .        (shield currently unavailable)
rNeg    + . .        c - +0 leather armour
rPois   inf          (no helmet)
rElec   +            (no cloak)
rCorr   .            (no gloves)
SInv    .            d - +1 pair of boots
Will    .....        (no amulet)
Stlth   +            (no ring)
HPRegen 0.25/turn    (no ring)
MPRegen 0.09/turn

%: no passive effects
@: on fire, glowing
A: sickness immunity, AC +4, negative energy resistance 1, electricity
resistance, torment resistance 1, petrification resistance
a: no special abilities


You were on level 4 of the Dungeon.
You visited 1 branch of the dungeon, and saw 4 of its levels.

You collected 848 gold pieces.
You spent 67 gold pieces at shops.


Innate Abilities, Weirdness & Mutations

You are immune to sickness and miasma.
Your stone body is resilient. (AC +4)
You are immune to poison.
You resist negative energy. (rN+)
You are resistant to electric shocks. (rElec)
You are resistant to unholy torment.
You are immune to petrification.


   Skills:
 - Level 3.1 Fighting
 - Level 6.4 Ranged Weapons
 + Level 0.2 Armour
 - Level 1.5 Dodging
 - Level 1.1 Stealth


You had 4 spell levels left.
You didn't know any spells.
Your spell library was empty.

Inventory:

Hand Weapons
 a - a +0 shortbow of draining (weapon)
Armour
 c - a +0 leather armour (worn)
 d - a +1 pair of boots (worn)
 k - the +3 leather armour of Unreason {^Drain rElec rPois rC-}
   (You found it on level 3 of the Dungeon)

   rC-:       It makes you vulnerable to cold.
   rElec:     It insulates you from electricity.
   rPois:     It protects you from poison ^Drain: It drains your maximum health
   when unequipped.
Potions
 e - a potion of haste
 f - a potion of curing
 g - a potion of degeneration {unknown}
 i - a potion of heal wounds {unknown}

Dungeon Overview and Level Annotations

Branches:
Dungeon (4/15)
 Temple: D:4-7

Altars:
Gozag

Shops:
D:2 *

Annotations:
D:3 3 runed translucent doors, qw's ghost, amateur GrHu
D:4 3 runed translucent doors, Gakkymeimi's ghost, amateur DrBr


Message History

The arrow barely misses the bombardier beetle.
A bombardier beetle and an endoplasm come into view.
The bombardier beetle sprays incendiary fluid at you.
The burning spray hits you.
You are covered in liquid fire!
You shoot an arrow.
The arrow barely misses the bombardier beetle.
The liquid fire burns you!
You shoot an arrow. The arrow hits the bombardier beetle.
The bombardier beetle is lightly wounded.
The liquid fire burns you!
The bombardier beetle sprays incendiary fluid at you.
The burning spray misses you.
You shoot an arrow. The arrow hits the bombardier beetle.
The bombardier beetle is moderately wounded.
The liquid fire burns you!
The endoplasm quivers.
You shoot an arrow.
The arrow hits the bombardier beetle but does no damage.
The bombardier beetle is moderately wounded.
The liquid fire burns you!
You shoot an arrow. The arrow hits the bombardier beetle.
You drain the bombardier beetle.
The bombardier beetle is severely wounded.
The liquid fire burns you!
You shoot an arrow.
The arrow hits the bombardier beetle but does no damage.
You drain the bombardier beetle.
The bombardier beetle is severely wounded.
The liquid fire burns you!
You shoot an arrow.
The arrow completely misses the bombardier beetle.
The liquid fire burns you!
You shoot an arrow.
The arrow completely misses the bombardier beetle.
The liquid fire burns you!
You shoot an arrow.
The arrow closely misses the bombardier beetle.
The liquid fire burns you!
You die...

#....+$S8.
#....+$..W
#....#S.o.
#<...##
#..##.#####
#.........# .
#.........##...
#..........%...
#..##.B@..##..
#..##..J..#
#.........#
#...........
#..##.....##.
#.. #.....# ..
.. ...(..[ .
#.......#


You could see a bombardier beetle (very drained) and an endoplasm.

Vanquished Creatures
  A phantom (D:3)
  An orc wizard (D:3)
  3 adders
  A ribbon worm (D:2)
  3 orcs (D:3)
  10 bats
  6 endoplasms
  2 giant cockroaches
  6 goblins
  3 hobgoblins
  4 jackals (D:1)
  3 quokkas
  8 ball pythons
  3 frilled lizards (D:1)
  4 kobolds
  4 rats
62 creatures vanquished.

Notes
Turn   | Place    | Note
-------+----------+-------------------------------------------
     0 | D:1      | qw the Gargoyle Hunter began the quest for the Orb.
     0 | D:1      | Reached XP level 1. HP: 12/12 MP: 1/1
     0 | D:1      | 0 ||| qw: Version: 0.3-a-132-g3d54051
     0 | D:1      | 0 ||| qw: Game counter: 264
     0 | D:1      | 0 ||| qw: Melee chars always use a shield: true
     0 | D:1      | 0 ||| qw: God list: Okawaru
     0 | D:1      | 0 ||| qw: Allow faded altars: false
     0 | D:1      | 0 ||| qw: Do Orc after clearing Dungeon:15 true
     0 | D:1      | 0 ||| qw: Do second Lair branch before Depths: true
     0 | D:1      | 0 ||| qw: Lair rune preference: random
     0 | D:1      | 0 ||| qw: Goals: Normal
     0 | D:1      | 0 ||| PLANNING D:1-11
    92 | D:1      | Reached XP level 2. HP: 17/17 MP: 2/2
   358 | D:1      | 358 ||| RETREEEEATING.
   359 | D:1      | 359 ||| RETREEEEATING.
   371 | D:1      | Reached XP level 3. HP: 18/21 MP: 3/3
   459 | D:1      | Reached skill level 5 in Ranged Weapons
   609 | D:1      | 609 ||| UPGRADING to +0 pair of boots.
   614 | D:1      | 614 ||| READING scroll labelled QOLINOW MISUGO.
   614 | D:1      | 614 ||| ENCHANTING +0 pair of boots.
   615 | D:1      | 615 ||| READING scroll labelled GIUBER RARE.
   616 | D:1      | 616 ||| READING scroll labelled XUULLE OMIPOK.
   617 | D:1      | 617 ||| DRINKING 2 grey potions.
   618 | D:1      | 618 ||| DRINKING 2 inky potions.
   722 | D:1      | 722 ||| DROPPING scroll of butterflies.
   723 | D:1      | 723 ||| DROPPING potion of berserk rage.
   987 | D:2      | Reached skill level 3 in Fighting
  1029 | D:2      | Found a faded altar of an unknown god.
  1132 | D:2      | Found Puxky's Assorted Antiques.
  1138 | D:2      | 1138 ||| BUYING 2 emerald potions (45 gold).
  1138 | D:2      | Bought 2 emerald potions for 45 gold pieces
  1138 | D:2      | 1138 ||| SHOPLISTING dented zirconium amulet (125 gold,
                  | have 38).
  1138 | D:2      | 1138 ||| BUYING ruby potion (22 gold).
  1138 | D:2      | Bought a ruby potion for 22 gold pieces
  1138 | D:2      | 1138 ||| SHOPLISTING scroll labelled UREALEL XEWNI (25
                  | gold, have 16).
  1301 | D:2      | 1301 ||| READING scroll labelled GEZAQIL OCOZES.
  1301 | D:2      | 1301 ||| BRANDING +0 shortbow.
  1302 | D:2      | 1302 ||| READING scroll labelled UBLAIH BUIMIDE.
  1303 | D:2      | 1303 ||| DRINKING 2 emerald potions.
  1304 | D:2      | 1304 ||| DROPPING potion of invisibility.
  1339 | D:3      | Reached XP level 4. HP: 28/28 MP: 4/4
  1366 | D:3      | Found a runed translucent gate.
  1366 | D:3      | Found a runed translucent gate.
  1366 | D:3      | Found a runed translucent gate.
  1367 | D:3      | Noticed qw's ghost (amateur GrHu)
  1574 | D:3      | Reached XP level 5. HP: 32/32 MP: 5/5
  1754 | D:3      | Identified the +3 leather armour of Unreason {^Drain rElec
                  | rPois rC-}
  1780 | D:3      | Noticed a phantom
  1796 | D:3      | Killed a phantom
  1797 | D:3      | Reached skill level 6 in Ranged Weapons
  1799 | D:3      | 1799 ||| FLEEEEING.
  1973 | D:3      | 1973 ||| READING scroll labelled QISUGO ASCHE.
  1974 | D:3      | 1974 ||| READING scroll labelled UREALEL XEWNI.
  1974 | D:3      | 1974 ||| IDENTIFYING sapphire potion
  1975 | D:3      | 1975 ||| READING scroll labelled SARPHONE GAHUGYATU.
  1975 | D:3      | Identified a scroll of acquirement
  1975 | D:3      | 1975 ||| ACQUIRING 734 gold pieces
  1975 | D:3      | Acquired 734 gold pieces
  2019 | D:4      | Found a runed translucent gate.
  2019 | D:4      | Found a runed translucent gate.
  2019 | D:4      | Found an opulent altar of Gozag.
  2019 | D:4      | Found a runed translucent gate.
  2020 | D:4      | Noticed Gakkymeimi's ghost (amateur DrBr)
  2036 | D:4      | HP: 8/32 [burnt (2)]
  2038 | D:4      | HP: 1/32 [burnt (3)]
  2039 | D:4      | Incinerated by a bombardier beetle

Levels and vault maps discovered:
D:1:      enne_arrival_octagon_isle, layout_loops_ring, serial_park_tiny_2
D:2:      layout_loops_ring, serial_shops, shop, ebering_ecumenical_altar_box
D:3:      layout_loops_cross, gammafunk_ghost_necromancy, wad_rectangle_vault
D:4:      layout_gridville, ebering_ghost_gozag

Skill      XL: |  1  2  3  4  5 |
---------------+----------------+-----
Ranged Weapons | 5 6 |  6.4
Fighting       | 3 |  3.1
Armour         | |  0.2
Dodging        | |  1.5
Stealth        | |  1.1

Action                     |  1- 3 |  4- 6 || total
---------------------------+-------+-------++-------
   Fire: Shortbow          |    99 |    73 ||   172
    Use: Scroll            |     5 |     3 ||     8
         Potion            |     3 |       ||     3
 Armour: Leather armour    |    34 |    17 ||    51
  Dodge: Dodged            |    28 |    22 ||    50

Table legend:
 A = Non-vault XP
 B = Vault XP
 C = Vault XP percentage of total XP
 D = Non-vault monster count
 E = Vault monster count
 F = Vault count percentage of total count
                 A         B        C        D         E       F
            +---------+---------+-------+---------+---------+-------
      Total |     270 |      11 |   3.9 |      56 |       6 |   9.7
            +---------+---------+-------+---------+---------+-------
        D:1 |      43 |       0 |   0.0 |      27 |       0 |   0.0
        D:2 |      38 |       0 |   0.0 |       8 |       0 |   0.0
        D:3 |     187 |      11 |   5.6 |      20 |       6 |  23.1
        D:4 |       2 |       0 |   0.0 |       1 |       0 |   0.0
            +---------+---------+-------+---------+---------+-------
